Map: Acid Plant LE

Players

Solar - Winner!

  • Race: Zerg Zerg
  • Spawn Location: 11:00

Zanster

  • Race: Zerg Zerg
  • Spawn Location: 5:00

Event: IEM Season 12 - Katowice

VOD

Have the link to the VOD?

Description

Time

  • Played on: Feb. 26, 2018, 10:53 a.m.
  • Length: 12:04

All games in this series

Show
View Real Time Build Order
Export as new Build Order

Solar Zerg - Winner!

Build Orders: Hatch First 

Get SALT Encoding   

  12  0:02  Drone  
  13  0:12  Overlord  
  13  0:17  Drone  
  14  0:31  Drone x2  
  14  0:34  Drone  
  17  0:51  Hatchery  
  17  0:54  Drone  
  17  0:57  Drone  
  17  1:03  Extractor  
  17  1:13  Spawning Pool  
  17  1:15  Drone  
  17  1:19  Drone  
  18  1:28  Drone  
  19  1:39  Drone  
  20  1:49  Overlord  
  20  1:59  Queen  
  22  2:03  Queen  
  22  2:04  Zergling x4  
  22  2:05  Metabolic Boost  
  26  2:14  Drone x2  
  28  2:29  Hatchery  
  27  2:33  Drone  
  27  2:34  Drone  
  27  2:36  Drone  
  30  2:40  Drone  
  31  2:47  Overlord  
  31  2:48  Drone  
  32  3:00  Zergling x2  
  32  3:01  Zergling x2  
  34  3:06  Overlord  
  34  3:10  Zergling x2  
  34  3:11  Zergling x10  
  41  3:12  Zergling x2  
  41  3:20  Zergling x4  
  43  3:28  Roach Warren  
  43  3:32  Zergling x4  
  43  3:40  Drone  
  42  3:42  Drone x2  
  42  3:45  Drone  
  45  3:51  Overlord  
  44  3:56  Zergling x8  
  44  3:58  Zergling x2  
  46  4:04  Drone x2  
  48  4:14  Roach x2  
  48  4:15  Roach x2  
  48  4:16  Roach  
  58  4:19  Drone  
  58  4:23  Roach  
  60  4:25  Roach  
  60  4:28  Roach  
  64  4:32  Roach  
  64  4:35  Overlord  
  66  4:39  Overlord  
  66  4:43  Overlord  
  66  4:48  Overlord  
  65  4:56  Roach  
  65  4:57  Baneling Nest  
  66  5:01  Roach x2  
  66  5:06  Queen  
  71  5:10  Zergling x2  
  71  5:12  Zergling x2  
  71  5:13  Zergling x2  
  74  5:16  Zergling x4  
  76  5:22  Zergling x4  
  77  5:30  Drone x2  
  77  5:32  Drone  
  77  5:33  Drone  
  77  5:34  Overlord  
  81  5:42  Baneling x3  
  81  5:46  Overlord  
  81  5:49  Extractor, Baneling x2  
  79  5:51  Zergling x6  
  79  5:53  Zergling x2  
  79  5:54  Zergling x2  
  84  5:57  Baneling  
  84  6:01  Zergling x8  
  84  6:04  Drone  
  88  6:16  Roach x2  
  88  6:18  Zergling x4  
  82  6:19  Zergling x6  
  82  6:22  Zergling x2  
  82  6:23  Zergling x2  
  78  6:28  Zergling x6  
  78  6:30  Baneling  
  68  6:34  Roach  
  69  6:47  Baneling  
  69  6:48  Drone x5  
  69  6:54  Baneling x2  
  72  6:58  Roach, Zergling x2  
  72  6:59  Zergling x10  
  79  7:05  Baneling  
  79  7:08  Roach, Zergling x2  
  82  7:10  Zergling x6  
  85  7:16  Roach  
  85  7:21  Baneling x2  
  86  7:29  Roach  
  88  7:30  Drone x2  
  88  7:31  Overlord  
  88  7:33  Drone  
  91  7:40  Baneling  
  91  7:42  Drone x3  
  84  7:49  Evolution Chamber  
  84  7:51  Lair  
  83  7:55  Zergling x6  
  83  8:04  Zergling x6  
  83  8:05  Baneling  
  84  8:07  Extractor  
  84  8:10  Drone  
  83  8:13  Drone  
  83  8:14  Drone  
  83  8:18  Drone x3  
  88  8:20  Zerg Missile Weapons Level 1  
  88  8:31  Roach x4  
  88  8:34  Drone x2  
  88  8:37  Extractor  
  88  8:38  Drone  
  88  8:39  Drone  
  88  8:40  Drone  
  92  8:46  Overlord  
  91  8:48  Glial Reconstitution  
  91  8:49  Roach  
  91  8:50  Roach  
  91  8:52  Roach  
  97  8:55  Overlord  
  97  8:58  Roach  
  97  8:59  Roach  
  101  9:03  Overlord  
  101  9:04  Roach x2  
  105  9:14  Roach x4  
  105  9:15  Overlord  
  112  9:23  Drone x2  
  112  9:24  Drone x6, Extractor  
  115  9:28  Drone x2  
  115  9:29  Overseer  
  120  9:41  Roach, Hatchery  
  120  9:42  Roach  
  123  9:47  Roach x2  
  123  9:50  Roach x2  
  131  9:54  Roach x2  
  131  9:55  Roach  
  131  9:58  Roach  
  139  10:02  Overlord  
  139  10:04  Overlord  
  139  10:06  Roach  
  141  10:10  Roach x2  
  141  10:13  Roach  
  141  10:14  Roach  
  149  10:15  Ravager x4  
  149  10:20  Roach x2  
  157  10:24  Overlord  
  157  10:33  Roach x2  
  157  10:34  Overlord  
  161  10:40  Roach  
  161  10:41  Overlord  
  161  10:42  Overlord  
  161  10:46  Roach  
  161  10:47  Roach x2  
  161  10:48  Roach  
  168  10:52  Roach  
  168  10:53  Roach  
  168  10:56  Roach x2  
  175  10:59  Roach  
  175  11:01  Roach  
  167  11:04  Roach x2  
  167  11:06  Roach  
  167  11:10  Roach x2  
  169  11:13  Roach  
  169  11:15  Roach  
  169  11:16  Roach  
  169  11:18  Roach  
  152  11:20  Roach  
  152  11:22  Roach  
  152  11:25  Ravager  
  151  11:26  Roach  
  151  11:27  Roach  
  151  11:30  Roach x2  
  156  11:32  Roach  
  156  11:34  Roach  
  156  11:37  Roach x2  
  146  11:40  Roach  
  146  11:45  Roach  
  143  11:58  Ravager  
Show
View Real Time Build Order
Export as new Build Order

Zanster Zerg 

Build Orders: Hatch First 

Get SALT Encoding   

  12  0:00  Drone  
  13  0:12  Overlord  
  13  0:17  Drone  
  14  0:31  Drone x2  
  14  0:35  Drone  
  17  0:52  Hatchery  
  17  0:54  Drone  
  17  0:58  Drone  
  18  1:08  Extractor  
  17  1:13  Spawning Pool  
  17  1:16  Drone  
  17  1:20  Drone  
  18  1:28  Drone  
  19  1:39  Drone  
  20  1:49  Overlord  
  21  2:01  Drone  
  21  2:03  Queen  
  21  2:04  Drone, Queen  
  26  2:09  Metabolic Boost  
  26  2:11  Drone  
  26  2:15  Drone  
  28  2:26  Zergling x4  
  30  2:34  Hatchery, Zergling x2  
  30  2:38  Zergling x2  
  30  2:44  Queen  
  31  2:48  Overlord  
  33  2:59  Zergling x6  
  36  3:07  Zergling x2  
  37  3:13  Zergling x6  
  37  3:14  Zergling x8  
  37  3:19  Overlord  
  44  3:36  Overlord  
  44  3:41  Drone  
  43  3:44  Baneling Nest  
  38  3:56  Zergling x2  
  38  3:57  Zergling x14  
  38  4:02  Drone x3  
  48  4:03  Drone  
  48  4:08  Zergling x4  
  51  4:10  Zergling x2  
  51  4:16  Overlord  
  52  4:27  Zergling x8  
  52  4:28  Zergling x2  
  56  4:36  Baneling  
  56  4:37  Baneling x3  
  56  4:40  Zergling x8  
  56  4:44  Zergling x2  
  61  4:47  Overlord  
  61  4:58  Zergling x10  
  65  5:06  Baneling x3  
  65  5:07  Baneling x3  
  65  5:13  Overlord  
  60  5:30  Zergling x20  
  70  5:36  Zergling x2  
  70  5:37  Zergling x4  
  71  5:44  Zergling x2  
  71  5:45  Zergling x4  
  71  5:48  Overlord  
  73  6:00  Baneling  
  73  6:01  Baneling x5  
  73  6:04  Zergling x2  
  73  6:05  Zergling x8  
  57  6:19  Zergling x2  
  57  6:20  Zergling x12  
  57  6:30  Zergling x2  
  57  6:31  Zergling x8  
  52  6:35  Zergling x4  
  52  6:36  Zergling x2  
  53  6:47  Roach Warren  
  50  6:58  Drone x6  
  56  7:03  Baneling x4  
  56  7:13  Zergling x2  
  56  7:14  Zergling x6  
  60  7:17  Evolution Chamber, Zergling x2  
  60  7:18  Zergling x2  
  60  7:30  Drone x7  
  60  7:36  Drone x3  
  70  7:37  Drone  
  70  7:43  Drone  
  71  7:50  Overlord  
  70  7:57  Drone x8  
  70  7:58  Drone  
  79  8:01  Zerg Missile Weapons Level 1  
  74  8:06  Lair  
  70  8:13  Drone x6  
  70  8:17  Extractor x2  
  70  8:18  Extractor  
  73  8:20  Drone  
  73  8:22  Overlord  
  74  8:31  Roach x4  
  76  8:34  Overlord  
  76  8:38  Roach, Extractor  
  76  8:40  Overlord  
  77  8:44  Roach  
  77  8:45  Roach  
  77  8:47  Overlord  
  81  8:52  Drone x6  
  89  9:03  Roach x4, Hatchery  
  94  9:11  Overlord  
  94  9:16  Roach x4  
  101  9:22  Roach  
  101  9:23  Roach x4  
  111  9:24  Overlord  
  111  9:25  Ravager  
  112  9:32  Roach x3  
  112  9:35  Overlord  
  112  9:36  Overseer  
  118  9:40  Ravager  
  118  9:43  Roach  
  118  9:44  Roach x3  
  127  9:47  Overlord x2  
  127  9:48  Unknown  
  127  9:53  Roach  
  127  9:54  Roach x3  
  127  9:57  Overlord  
  135  10:02  Overseer  
  135  10:08  Drone x2  
  135  10:09  Drone x5  
  135  10:10  Extractor  
  135  10:13  Roach x2  
  145  10:17  Roach  
  145  10:18  Roach  
  145  10:20  Roach x2  
  153  10:28  Roach x4  
  161  10:34  Hydralisk Den  
  160  10:39  Roach  
  160  10:40  Roach x3  
  160  10:41  Overlord  
  163  10:47  Roach  
  163  10:48  Roach x2  
  166  11:04  Roach x9  
  155  11:11  Roach  
  155  11:12  Roach  
  155  11:15  Roach  
  155  11:16  Roach x2  
  139  11:25  Roach x3  
  133  11:26  Roach x2  
  133  11:28  Roach x2  
  127  11:40  Roach x6  

Tags
 
Add a new tag
Caveats
  • Supply blocks, unpowered buildings, or Contaminate may cause inaccurate times.
  • Supply counts are checked every 10 seconds.